 Dungeon Crawl Stone Soup version 0.19.0-11-g3fc08b3 (webtiles) character file.

5822 mistymad the Martial Artist (level 10, -10/78 HPs)
             Began as a Naga Transmuter on Nov 8, 2016.
             Was a Believer of Uskayaw.
             Mangled by Joseph
             ... wielding a +0 quarterstaff
              (18 damage)
             ... on level 8 of the Dungeon.
             The game lasted 00:25:50 (9793 turns).

mistymad the Martial Artist (Naga Transmuter)       Turns: 9793, Time: 00:25:51

Health: -10/78     AC:  7    Str: 12    XL:     10   Next: 80%
Magic:  4/16       EV: 10    Int: 16    God:    Uskayaw [**....]
Gold:   506        SH:  0    Dex: 13    Spells: 5 memorised, 3 levels left

rFire  . . .     SeeInvis +       - Unarmed
rCold  . . .     Gourm    .     b - +0 robe
rNeg   + . .     Faith    .     (shield currently unavailable)
rPois  +         Spirit   .     m - +0 helmet
rElec  .         Reflect  .     h - +1 cloak
rCorr  .         Harm     .     (gloves currently unavailable)
MR     +....                    (no barding)
Stlth  +.........               L - amulet of rage
                                (no ring)
                                i - ring of positive energy

@: blade hands (expiring), very slightly contaminated, very slow
A: see invisible, deformed body, poison resistance, slowness 2, slow metabolism
1, spit poison 1, AC +3
a: Spit Poison, End Transformation, Stomp, Line Pass, Renounce Religion, Evoke
Berserk Rage


You were on level 8 of the Dungeon.
You worshipped Uskayaw.
Uskayaw was noncommittal.
You were hungry.
You had blades for hands.
You visited 2 branches of the dungeon, and saw 9 of its levels.

You collected 551 gold pieces.
You spent 45 gold pieces at shops.

Inventory:

Hand Weapons
 e - a +1 hunting sling
Missiles
 a - 95 arrows
 f - 234 stones (quivered)
Armour
 b - a +0 robe (worn)
 h - a +1 cloak (worn)
 m - a +0 helmet (worn)
Jewellery
 i - a ring of positive energy (left scythe-like blade)
 L - an amulet of rage (around neck)
Wands
 s - a wand of teleportation (2/9)
 I - a wand of enslavement (4/24)
 J - a wand of slowing (33/48)
Scrolls
 k - 5 scrolls of teleportation
 l - a scroll of identify
 n - 2 scrolls of noise
 u - 4 scrolls of magic mapping
 y - 2 scrolls of remove curse
 B - 2 scrolls of enchant weapon
 E - a scroll of enchant armour
 M - a scroll of amnesia {unknown}
Potions
 g - a potion of agility
 j - 2 potions of curing
 o - 3 potions of might
 r - 4 potions of flight
 w - a potion of heal wounds
 x - 2 potions of lignification {unknown}
 C - a potion of ambrosia {unknown}
 D - a potion of cancellation {unknown}
Books
 c - a book of Changes

   Spells                             Type                      Level
   a - Beastly Appendage              Transmutation                1
   b - Sticks to Snakes               Transmutation                2
   c - Spider Form                    Transmutation/Poison         3
   d - Ice Form                       Ice/Transmutation            4
   e - Blade Hands                    Transmutation                5
 z - a book of Necromancy

   Spells                             Type                      Level
   a - Pain                           Necromancy                   1
   b - Animate Skeleton               Necromancy                   1
   c - Vampiric Draining              Necromancy                   3
   d - Regeneration                   Charms/Necromancy            3
   e - Animate Dead                   Necromancy                   4
   f - Control Undead                 Necromancy                   4
 A - a book of Callings

   Spells                             Type                      Level
   a - Summon Small Mammal            Summoning                    1
   b - Call Imp                       Summoning                    2
   c - Call Canine Familiar           Summoning                    3
   d - Summon Guardian Golem          Hexes/Summoning              3
   e - Summon Lightning Spire         Summoning/Air                4
   f - Summon Ice Beast               Ice/Summoning                4
 F - a book of Maledictions

   Spells                             Type                      Level
   a - Corona                         Hexes                        1
   b - Ensorcelled Hibernation        Hexes/Ice                    2
   c - Confuse                        Hexes                        3
   d - Tukima's Dance                 Hexes                        3
   e - Dazzling Spray                 Conjuration/Hexes            3
Comestibles
 d - 5 bread rations
 p - 6 chunks of flesh
 q - 4 fruits
 t - 2 meat rations
 G - a beef jerky


   Skills:
 + Level 1.2 Fighting
 - Level 1.5 Dodging
 + Level 11.1 Unarmed Combat
 + Level 4.0 Spellcasting
 + Level 0.4 Charms
 - Level 11.0 Transmutations


You had 3 spell levels left.
You knew the following spells:

 Your Spells              Type           Power        Failure   Level  Hunger
a - Beastly Appendage     Tmut           #####.       10%         1    None
b - Sticks to Snakes      Tmut           #####...     10%         2    ##.....
c - Spider Form           Tmut/Pois      ###.......   36%         3    ###....
d - Blade Hands           Tmut           #####.....   36%         5    ######.
e - Regeneration          Chrm/Necr      #.........   88%         3    ###....


Dungeon Overview and Level Annotations

Branches:
Dungeon (8/15)             Temple (1/1) D:7            Lair (0/6) D:8

Altars:
Ashenzari
Cheibriados
Dithmenos
Elyvilon
Fedhas
Gozag
Hepliaklqana
Kikubaaqudgha
Makhleb
Nemelex Xobeh
Okawaru
Qazlal
Ru
Sif Muna
Trog
Uskayaw
Vehumet
Xom
Yredelemnul
Zin
The Shining One

Shops:
D:6 ?[

Annotations:
D:8 Joseph


Innate Abilities, Weirdness & Mutations

You cannot wear boots.
Your serpentine skin is tough. (AC +3)
You have supernaturally acute eyesight. (SInv)
Armour fits poorly on your strangely shaped body.
Your system is resistant to poisons. (rPois)
You cover ground very slowly.
You have a slow metabolism.
You can spit poison.


Message History

Joseph hits you with an uncursed quarterstaff!
* * * LOW HITPOINT WARNING * * *
You can now pass through a line of other dancers.
You take 12 damage, and have 18/78 hp.
You hit Joseph but do no damage.
Joseph is severely wounded.
You slash Joseph! You slash Joseph.
Joseph is almost dead.
Joseph hits you with an uncursed quarterstaff!
* * * LOW HITPOINT WARNING * * *
You take 11 damage, and have 7/78 hp.
You hit Joseph but do no damage.
Joseph is almost dead.
Joseph hits you but does no damage.
You stomp with the beat, sending a shockwave through the revelers around you!
Joseph is almost dead.
You feel somewhat more hungry.
Joseph says, "You will never get the ORB, sorry."
Joseph hits you with an uncursed quarterstaff!!
You die...

.#.# ##.......##
##.###.##.# .#.#
##.....## #.###.##.#
.#.# ##...##
#.##..##.# .#.# ##'##
#.##.###.#
##.#######.####
#........#
...##.........#
####.#####
#####.####.##.# #.#
.# #.###...#.#######
#####
.####.##........@@..#
...#
...##.###...#.#####.#
K..# ...........##.#
#(# ...#
...##.####.##.# #(#
... .####.........#
#@###'# .#
######.#### #.((S@#
## #.# #######
###.#####
########.......#


You could see Joseph.

Vanquished Creatures
  The ghost of Chiseanne the Magician, a novice CeVM of Vehumet (D:7)
  A hill giant (D:6)
  Pikel (D:8)
  An ugly thing (D:8)
  A hippogriff (D:8)
  Sigmund (D:3)
  6 yaks (D:8)
  A hungry ghost (D:8)
  2 sky beasts
  3 necrophages
  3 ogres
  3 phantoms
  A centaur (D:8)
  2 big kobolds
  5 bullfrogs
  3 scorpions
  3 wights (D:7)
  A howler monkey (D:4)
  2 crimson imps
  An orc priest (D:4)
  A hound (D:6)
  A bullfrog skeleton (D:8)
  Jessica (D:3)
  3 iguanas
  5 worker ants
  A statue (D:6)
  A hound skeleton (D:7)
  A worker ant zombie (D:7)
  7 gnolls
  A howler monkey skeleton (D:4)
  16 adders
  A river rat (D:3)
  A shadow imp (D:5)
  2 oozes (D:3)
  An adder skeleton (D:6)
  6 worms
  A dart slug (D:4)
  6 leopard geckos
  14 orcs
  3 ball pythons
  11 bats
  5 giant cockroaches
  5 hobgoblins
  2 jackals (D:2)
  36 kobolds
  2 quokkas
  6 frilled lizards
  11 goblins
  A leopard gecko skeleton (D:4)
  9 rats
203 creatures vanquished.

Vanquished Creatures (collateral kills)
  A goblin (D:8)
  A kobold (D:8)
2 creatures vanquished.

Grand Total: 205 creatures vanquished

Notes
Turn   | Place    | Note
-------+----------+-------------------------------------------
     0 | D:1      | mistymad the Naga Transmuter began the quest for the Orb.
     0 | D:1      | Reached XP level 1. HP: 18/18 MP: 3/3
   179 | D:1      | Reached XP level 2. HP: 7/25 MP: 3/5
   877 | D:1      | Reached XP level 3. HP: 22/31 MP: 6/6
   891 | D:1      | Learned a level 2 spell: Sticks to Snakes
   895 | D:1      | Learned a level 3 spell: Spider Form
  1363 | D:2      | Reached XP level 4. HP: 17/38 MP: 4/7
  2356 | D:3      | Found an opulent altar of Gozag.
  2769 | D:3      | Reached XP level 5. HP: 38/44 MP: 5/9
  2790 | D:3      | Noticed Sigmund
  2801 | D:3      | Killed Sigmund
  2801 | D:3      | Reached XP level 6. HP: 24/51 MP: 3/11
  3300 | D:3      | Noticed Jessica
  3307 | D:3      | Killed Jessica
  3313 | D:3      | Found a deep blue altar of Sif Muna.
  4067 | D:4      | Reached skill level 5 in Unarmed Combat
  4252 | D:4      | Found a bloodstained altar of Trog.
  4410 | D:4      | Reached XP level 7. HP: 57/57 MP: 9/13
  4472 | D:4      | Got a heavily runed jade ring
  4482 | D:4      | Learned a level 3 spell: Regeneration
  4556 | D:4      | Found a glowing silver altar of Zin.
  4658 | D:4      | Reached skill level 5 in Transmutations
  4850 | D:5      | Entered Level 5 of the Dungeon
  5201 | D:5      | Found a sparkling altar of Nemelex Xobeh.
  5493 | D:6      | Reached XP level 8. HP: 32/64 MP: 10/14
  5717 | D:6      | Found a radiant altar of Vehumet.
  5811 | D:6      | Found Qikhlerr's Magic Scroll Shoppe.
  5814 | D:6      | Bought a scroll of magic mapping for 45 gold pieces
  5814 | D:6      | Identified the ring of the Imp {rPois rF- MR+ Int+2 Slay+2} (You found it on level 4 of the Dungeon)
  6253 | D:6      | Noticed a hill giant
  6268 | D:6      | Killed a hill giant
  6280 | D:6      | Found a white marble altar of Elyvilon.
  6289 | D:6      | Reached XP level 9. HP: 38/70 MP: 2/15
  6791 | D:6      | Learned a level 5 spell: Blade Hands
  6927 | D:6      | Found Zeutzaeb's Antique Armour Shoppe.
  7172 | D:7      | Found an iron altar of Okawaru.
  7179 | D:7      | Found a hazy altar of Hepliaklqana.
  7179 | D:7      | Found a basalt altar of Yredelemnul.
  7392 | D:7      | Noticed Chiseanne's ghost (novice CeVM)
  7471 | D:7      | Killed Chiseanne's ghost
  7992 | D:7      | Found a staircase to the Ecumenical Temple.
  8010 | D:7      | Got a tattered robe
  8011 | D:7      | Identified the +2 robe of Utaegec {rElec Str+4 Int-4} (You found it on level 7 of the Dungeon)
  8040 | Temple   | Entered the Ecumenical Temple
  8115 | Temple   | Became a worshipper of Uskayaw the Reveler
  8151 | D:7      | Reached * piety under Uskayaw
  8154 | D:7      | Reached ** piety under Uskayaw
  8159 | D:7      | Reached *** piety under Uskayaw
  8161 | D:7      | Reached **** piety under Uskayaw
  8285 | D:8      | Noticed a cyan ugly thing
  8291 | D:8      | Killed a cyan ugly thing
  8291 | D:8      | Reached XP level 10. HP: 54/78 MP: 10/16
  8298 | D:8      | Reached skill level 10 in Unarmed Combat
  8298 | D:8      | Reached ***** piety under Uskayaw
  8454 | D:8      | Found a shattered altar of Ashenzari.
  8584 | D:8      | Found a staircase to the Lair.
  8612 | D:8      | Reached skill level 10 in Transmutations
  8956 | D:8      | Noticed Pikel
  8966 | D:8      | Killed Pikel
  9756 | D:8      | Found a snail-covered altar of Cheibriados.
  9756 | D:8      | Noticed Joseph
  9793 | D:8      | Mangled by Joseph

Skill      XL: |  1  2  3  4  5  6  7  8  9 10 |
---------------+-------------------------------+-----
Transmutations | 3 4 5 7 9 11 | 11.0
Unarmed Combat | 4 5 6 7 9 11 | 11.1
Spellcasting   | 3 4 |  4.0
Fighting       | |  1.2
Dodging        | |  1.5
Charms         | |  0.4

Action                   |  1- 3 |  4- 6 |  7- 9 | 10-12 || total
-------------------------+-------+-------+-------+-------++-------
Melee: Unarmed           |   114 |   191 |   312 |   102 ||   719
       Punch             |       |     1 |     4 |     4 ||     9
Throw: Stone             |       |       |     1 |       ||     1
 Cast: Beastly Appendage |     5 |       |       |       ||     5
       Spider Form       |     2 |    23 |    20 |     6 ||    51
       Sticks to Snakes  |       |       |     3 |     4 ||     7
       Blade Hands       |       |       |    10 |     5 ||    15
       Regeneration      |       |       |     1 |       ||     1
Invok: Stomp             |       |       |     2 |     2 ||     4
 Abil: Spit Poison       |    16 |     9 |     7 |     1 ||    33
       End Transformatio |       |       |     1 |       ||     1
  Use: Scroll            |       |     7 |    10 |       ||    17
       Potion            |       |       |     1 |     1 ||     2
 Stab: Sleeping          |       |     3 |     1 |       ||     4
       Distracted        |       |       |     3 |       ||     3
       Paralysed         |       |       |     1 |     3 ||     4
  Eat: Chunk             |     2 |    12 |    13 |     8 ||    35
       Fruit             |       |       |     2 |     1 ||     3
       Pizza             |       |       |     1 |       ||     1
Armor: Robe              |    40 |    43 |    41 |    17 ||   141
       Skin              |     1 |     5 |     7 |     1 ||    14
Dodge: Dodged            |    91 |   135 |   178 |    55 ||   459
